 Dungeon Crawl Stone Soup version 0.24-a0-459-g225fefd530 (webtiles) character file.

Game seed: 255046379540540707

714 Peloso the Slasher (level 7, -1/61 HPs)
             Began as a Minotaur Fighter on June 30, 2019.
             Was an Initiate of Okawaru.
             Slain by a sky beast (5 damage)
             ... on level 7 of the Dungeon.
             The game lasted 00:06:26 (3280 turns).

Peloso the Slasher (Minotaur Fighter)               Turns: 3280, Time: 00:06:28

Health: -1/61      AC:  9    Str: 26    XL:     7   Next: 41%
Magic:  6/6        EV:  7    Int:  5    God:    Okawaru [......]
Gold:   145        SH: 10    Dex: 11    Spells: 6/6 levels left

rFire    . . .     SeeInvis .   a - +1 long sword
rCold    . . .     Gourm    .   c - +0 shield
rNeg     . . .     Faith    .   p - +0 chain mail
rPois    .         Spirit   .   (helmet restricted)
rElec    .         Reflect  .   (no cloak)
rCorr    .         Harm     .   (no gloves)
MR       .....                  (no boots)
Stlth    ..........             (no amulet)
HPRegen  0.20/turn              (no ring)
MPRegen  0.10/turn              (no ring)

@: mighty
A: retaliatory headbutt, horns 2
a: Renounce Religion


You were on level 7 of the Dungeon.
You worshipped Okawaru.
Okawaru was noncommittal.
You were very hungry.

You visited 2 branches of the dungeon, and saw 6 of its levels.

You collected 145 gold pieces.

Inventory:

Hand Weapons
 a - a +1 long sword (weapon)
Missiles
 v - 16 bolts
Armour
 b - a +0 scale mail
 c - a +0 shield (worn)
 p - a +0 chain mail (worn)
Wands
 o - a wand of iceblast (6)
Scrolls
 e - 2 scrolls of teleportation
 h - 6 scrolls of identify {unknown}
 n - 2 scrolls of enchant weapon
 q - a scroll of immolation {unknown}
 r - 2 scrolls of magic mapping {unknown}
 s - a scroll of enchant armour {unknown}
 x - 2 scrolls of remove curse {unknown}
Potions
 i - 2 potions of heal wounds {unknown}
 j - 2 potions of degeneration {unknown}
 l - a potion of cancellation {unknown}
 m - 3 potions of mutation {unknown}
 t - 2 potions of curing {unknown}
 u - a potion of ambrosia {unknown}
 w - a potion of flight {unknown}
Comestibles
 f - 7 rations


   Skills:
 + Level 5.4 Fighting
 + Level 6.9 Long Blades
 + Level 5.4 Armour
 + Level 1.6 Dodging
 + Level 0.2 Stealth
 + Level 5.2 Shields


You had 6 spell levels left.
You didn't know any spells.
Your spell library contained the following spells:

 Spells                   Type           Power        Failure   Level  Hunger
 Animate Skeleton         Necr           N/A          100%        1    ##.....
 Pain                     Necr           #...         100%        1    ##.....
 Regeneration             Chrm/Necr      #.........   100%        3    ####...
 Vampiric Draining        Necr           #.........   100%        3    ####...
 Animate Dead             Necr           N/A          100%        4    #####..
 Bolt of Magma            Conj/Fire/Erth #.........   100%        5    ######.
 Iskenderun's Battlesphe  Conj/Chrm      #.......     100%        5    ######.
 Venom Bolt               Conj/Pois      #.........   100%        5    ######.
 Iron Shot                Conj/Erth      #.........   100%        6    #######
 Orb of Destruction       Conj           #.........   100%        7    #######
 Spellforged Servitor     Conj/Summ      #.........   100%        7    #######


Dungeon Overview and Level Annotations

Branches:
Dungeon (4/15)             Temple (1/1) D:4

Altars:
Dithmenos
Makhleb
Okawaru
Qazlal
Trog
Yredelemnul


Innate Abilities, Weirdness & Mutations

You reflexively headbutt those who attack you in melee.
You have a pair of horns on your head.


Message History

* * * LOW HITPOINT WARNING * * *
The sky beast shocks you.
* * * LOW HITPOINT WARNING * * *
You slash the sky beast!
The sky beast is heavily wounded.
The sky beast hits you.
* * * LOW HITPOINT WARNING * * *
The sky beast shocks you.
* * * LOW HITPOINT WARNING * * *
You miss the sky beast. Your headbutt misses the sky beast.
The sky beast is heavily wounded.
You block the sky beast's attack.
You closely miss the sky beast. Your headbutt misses the sky beast.
The sky beast is heavily wounded.
The sky beast flickers out of sight!
Deactivating autopickup; reactivate with Ctrl-A.
Something hits you.
* * * LOW HITPOINT WARNING * * *
Something shocks you.
You die...

.....#.....#
........#.##
....#.....#
... #.#.#.#
......#.###
#.########.#
#....$..)..#
##########.#
#@# #{# #.#
..# #.# #.#
#.# ..#


There were no monsters in sight!

Vanquished Creatures
  An orc warrior (D:7)
  An ogre (D:4)
  3 hounds (D:4)
  2 orc priests (D:7)
  A bullfrog skeleton (D:4)
  2 iguanas (D:4)
  3 orc wizards
  A worker ant (D:3)
  5 adders
  4 gnolls
  4 oozes (D:3)
  3 dart slugs
  3 leopard geckos
  15 orcs
  7 bats
  4 giant cockroaches
  8 hobgoblins
  3 jackals (D:2)
  3 kobolds (D:2)
  A quokka (D:4)
  2 ball pythons
  8 frilled lizards
  4 goblins
  11 rats
99 creatures vanquished.

Notes
Turn   | Place    | Note
-------+----------+-------------------------------------------
     0 | D:1      | Peloso the Minotaur Fighter began the quest for the Orb.
     0 | D:1      | Reached XP level 1. HP: 19/19 MP: 0/0
    57 | D:1      | Reached XP level 2. HP: 22/27 MP: 1/1
   884 | D:2      | Reached skill level 3 in Long Blades
   884 | D:2      | Reached XP level 3. HP: 32/33 MP: 2/2
  1539 | D:2      | Reached XP level 4. HP: 40/40 MP: 3/3
  1693 | D:3      | Reached skill level 4 in Long Blades
  1716 | D:3      | Reached skill level 1 in Dodging
  1716 | D:3      | Reached XP level 5. HP: 22/46 MP: 4/4
  2215 | D:3      | Reached skill level 5 in Long Blades
  2247 | D:4      | Reached XP level 6. HP: 53/53 MP: 5/5
  2252 | D:4      | Found a bloodstained altar of Trog.
  2256 | D:4      | Reached skill level 5 in Armour
  2256 | D:4      | Reached skill level 5 in Shields
  2424 | D:4      | Reached skill level 5 in Fighting
  2640 | D:4      | Reached skill level 6 in Long Blades
  2676 | D:4      | Found a stormy altar of Qazlal.
  2747 | D:4      | Reached XP level 7. HP: 56/61 MP: 6/6
  2806 | D:4      | Found a staircase to the Ecumenical Temple.
  2814 | Temple   | Entered the Ecumenical Temple
  2826 | Temple   | Became a worshipper of Warmaster Okawaru
  3240 | D:4      | You fall into a shaft and drop 3 floors!
  3280 | D:7      | Slain by a sky beast

Levels and vault maps discovered:
D:1:      saegor_arrival_simple_b, layout_basic, chequers_serial_rivers_marsh,
          minmay_misc_feat_tower
D:2:      layout_loops_ring, minmay_misc_feat_roman
D:3:      layout_basic, hangedman_decor_push
D:4:      layout_basic, old_standard_altar, minmay_temple_entry_tees,
          grunt_decor_cap, grunt_qazlal_sundering
D:7:      layout_basic, enter_ossuary_4
Temple:   dpeg_three_leaves_temple

Skill      XL: |  1  2  3  4  5  6 |
---------------+-------------------+-----
Shields        | 4 5 |  5.2
Fighting       | 4 5 |  5.4
Armour         | 4 5 |  5.4
Long Blades    | 3 4 5 6 |  6.9
Dodging        | 1 |  1.6
Stealth        | |  0.2

Action                   |  1- 3 |  4- 6 |  7- 9 || total
-------------------------+-------+-------+-------++-------
Melee: Long sword        |    94 |   154 |    38 ||   286
       Headbutt          |    16 |    25 |     7 ||    48
  Use: Scroll            |       |       |     4 ||     4
       Potion            |       |       |     1 ||     1
  Eat: Chunk             |     2 |     4 |     1 ||     7
Armor: Scale mail        |    27 |       |       ||    27
       Chain mail        |    26 |    81 |     8 ||   115
Dodge: Dodged            |    30 |    41 |     7 ||    78
Block: Shield            |    53 |    80 |    13 ||   146
       Rpst.: Long sword |    11 |     9 |     2 ||    22

Table legend:
 A = Non-vault XP
 B = Vault XP
 C = Vault XP percentage of total XP
 D = Non-vault monster count
 E = Vault monster count
 F = Vault count percentage of total count
                 A         B        C        D         E       F
            +---------+---------+-------+---------+---------+-------
      Total |    1020 |       0 |   0.0 |      99 |       0 |   0.0
            +---------+---------+-------+---------+---------+-------
        D:1 |      39 |       0 |   0.0 |      15 |       0 |   0.0
        D:2 |      67 |       0 |   0.0 |      24 |       0 |   0.0
        D:3 |     225 |       0 |   0.0 |      31 |       0 |   0.0
        D:4 |     471 |       0 |   0.0 |      26 |       0 |   0.0
        D:7 |     218 |       0 |   0.0 |       3 |       0 |   0.0
            +---------+---------+-------+---------+---------+-------
